 Dungeon Crawl Stone Soup version 0.19.1-1-g22dce08 (webtiles) character file.

2512 godfroggy the Slicer (level 9, -8/39 HPs)
             Began as a Vine Stalker Enchanter on Jan 9, 2017.
             Was a Follower of Dithmenos.
             Mangled by a warg (14 damage)
             ... on level 9 of the Dungeon.
             The game lasted 00:27:27 (6229 turns).

godfroggy the Slicer (Vine Stalker Enchanter)       Turns: 6229, Time: 00:27:28

Health: -8/39      AC:  6    Str: 12    XL:     9   Next: 53%
Magic:  0/13       EV: 12    Int: 19    God:    Dithmenos [*.....]
Gold:   158        SH:  0    Dex: 16    Spells: 3 memorised, 6 levels left

rFire  . . .     SeeInvis .     m - +2 rapier
rCold  . . .     Gourm    .     b - +2 robe
rNeg   . . .     Faith    .     (no shield)
rPois  .         Spirit   +     h - +2 hat {Int+3}
rElec  .         Reflect  .     (no cloak)
rCorr  .         Harm     .     (no gloves)
MR     +....                    (no boots)
Stlth  ++++......               (no amulet)
                                (no ring)
                                (no ring)

@: wreathed by umbra
A: fangs 3, regeneration 1, magic shield, antimagic bite, no device heal 3, rot
immunity
a: Renounce Religion


You were on level 9 of the Dungeon.
You worshipped Dithmenos.
Dithmenos was aware of your devotion.
You were very hungry.

You visited 1 branch of the dungeon, and saw 8 of its levels.

You collected 300 gold pieces.
You spent 142 gold pieces at shops.

Inventory:

Hand Weapons
 a - a +1 dagger
 d - a +1 vampiric dagger
 e - a +0 short sword
 m - a +2 rapier (weapon)
 p - a +3 great sword
Armour
 b - a +2 robe (worn)
 h - a +2 hat of intelligence (worn)
 k - a +0 robe of magic resistance
 l - a +0 robe
Jewellery
 x - a -6 ring of protection
Wands
 u - a wand of lightning (4/15)
 A - a wand of flame (14/48)
Scrolls
 g - 2 scrolls of recharging
 i - a scroll of immolation {unknown}
 y - 3 scrolls of identify
 z - a scroll of noise {unknown}
Potions
 f - a potion of berserk rage
 j - 2 potions of haste {unknown}
 o - a potion of flight {unknown}
 q - a potion of degeneration {unknown}
 v - a potion of brilliance {unknown}
 w - a potion of might {unknown}
Books
 c - a book of Maledictions

   Spells                             Type                      Level
   a - Corona                         Hexes                        1
   b - Ensorcelled Hibernation        Hexes/Ice                    2
   c - Confuse                        Hexes                        3
   d - Tukima's Dance                 Hexes                        3
   e - Dazzling Spray                 Conjuration/Hexes            3
Comestibles
 n - a royal jelly
 r - a slice of pizza
 s - 2 meat rations
 t - a fruit


   Skills:
 + Level 10.1 Short Blades
 - Level 1.5 Dodging
 - Level 6.9 Stealth
 - Level 2.1 Spellcasting
 - Level 5.0 Hexes


You had 6 spell levels left.
You knew the following spells:

 Your Spells              Type           Power        Failure   Level  Hunger
a - Corona                Hex            ###....      1%          1    #......
b - Ensorcelled Hibernat  Hex/Ice        ##....       10%         2    ##.....
c - Confuse               Hex            ###.....     8%          3    ###....


Dungeon Overview and Level Annotations

Branches:
Dungeon (9/15)
 Temple: D:4-7         Lair: D:8-11         Orc: D:9-12

Altars:
Dithmenos
Fedhas
Hepliaklqana
Ru

Shops:
D:7 ?   D:9 (*

Annotations:
D:7 exclusion: oklob plant


Innate Abilities, Weirdness & Mutations

You have razor-sharp teeth.
Your natural rate of healing is unusually fast.
When hurt, damage is shared between your health and your magic reserves.
Your bite disrupts and absorbs the magic of your enemies.
Potions and wands cannot restore your health.
You are immune to rotting.


Message History

The warg is lightly wounded.
You closely miss the warg. You bite the warg, but do no damage.
The warg is lightly wounded.
The warg barely misses you.
You closely miss the warg. You bite the warg. You drain its power.
You feel invigorated.
The warg is lightly wounded.
The warg bites you!
* * * LOW HITPOINT WARNING * * *
You miss the warg.
The warg is lightly wounded.
The warg bites you!
* * * LOW HITPOINT WARNING * * *
Found a stone staircase leading down.
The warg closely misses you. The warg bites you but does no damage.
There is a stone staircase leading down here.
The warg barely misses you.
You open the door. The warg bites you!
You die...

####.........
#.........#
#.###.##.##
#.# #.# #.#
#.##.#### #.#
#<.......
#>##.#.#.####
##h### ## #
#@.# #'## ≈.§
≈#.#§ #≈.∩§§
#≈#.#≈ #≈§≈≈≈
#######


You could see a warg.

Vanquished Creatures
  2 hippogriffs
  2 wargs
  Edmund (D:6)
  A phantom (D:4)
  A sky beast (D:7)
  A necrophage (D:6)
  An ogre (D:6)
  5 bullfrogs
  2 scorpions
  6 wights
  5 crimson imps
  2 centaur zombies (D:7)
  2 hounds
  A jelly (D:6)
  A bullfrog skeleton (D:8)
  Terence (D:3)
  2 iguanas
  2 orc wizards
  3 worker ants
  A killer bee zombie (D:6)
  2 hound zombies
  2 hound skeletons
  A howler monkey zombie (D:7)
  A worker ant zombie (D:6)
  A howler monkey skeleton (D:6)
  5 adders
  2 oozes (D:1)
  An adder skeleton (D:6)
  2 worms
  3 leopard geckos
  7 orcs
  7 giant cockroaches
  8 goblins
  10 hobgoblins
  9 jackals
  8 kobolds
  A quokka (D:6)
  3 bats
  3 frilled lizards
  6 rats
124 creatures vanquished.

Vanquished Creatures (others)
  16 toadstools (D:7)
16 creatures vanquished.

Grand Total: 140 creatures vanquished

Notes
Turn   | Place    | Note
-------+----------+-------------------------------------------
     0 | D:1      | godfroggy the Vine Stalker Enchanter began the quest for the Orb.
     0 | D:1      | Reached XP level 1. HP: 9/9 MP: 4/4
   146 | D:1      | Reached skill level 1 in Short Blades
   203 | D:1      | Reached XP level 2. HP: 10/13 MP: 6/6
   297 | D:1      | Reached skill level 2 in Short Blades
   895 | D:1      | Reached XP level 3. HP: 16/16 MP: 7/7
  1457 | D:2      | Found a hazy altar of Hepliaklqana.
  1530 | D:2      | Reached skill level 3 in Short Blades
  1655 | D:2      | Gained mutation: Your natural rate of healing is unusually fast. [Vine Stalker growth]
  1655 | D:2      | Reached XP level 4. HP: 21/21 MP: 8/8
  2007 | D:2      | Learned a level 2 spell: Ensorcelled Hibernation
  2011 | D:2      | Learned a level 3 spell: Confuse
  2732 | D:3      | Reached skill level 4 in Short Blades
  2732 | D:3      | Reached XP level 5. HP: 19/24 MP: 7/9
  2780 | D:3      | Noticed Terence
  2824 | D:3      | Killed Terence
  3023 | D:4      | Noticed a phantom
  3056 | D:4      | Killed a phantom
  3056 | D:4      | Reached XP level 6. HP: 23/28 MP: 5/10
  3383 | D:4      | Reached skill level 5 in Short Blades
  3749 | D:4      | You fall through a shaft for 2 floors!
  3843 | D:6      | Reached XP level 7. HP: 32/32 MP: 6/11
  3939 | D:6      | Reached skill level 5 in Stealth
  4176 | D:6      | Found a sacrificial altar of Ru.
  4176 | D:6      | Found a shadowy altar of Dithmenos.
  4194 | D:6      | Became a worshipper of Dithmenos the Shadowed
  4221 | D:6      | Noticed Edmund
  4244 | D:6      | Killed Edmund
  4375 | D:6      | Reached skill level 5 in Hexes
  4375 | D:6      | Gained mutation: You have razor-sharp teeth. [Vine Stalker growth]
  4375 | D:6      | Reached XP level 8. HP: 36/36 MP: 7/12
  4490 | D:6      | Reached skill level 6 in Short Blades
  4936 | D:7      | Found Baowuch's Magic Scroll Boutique.
  4970 | D:7      | Bought a scroll of identify for 30 gold pieces
  4970 | D:7      | Bought a scroll of enchant weapon for 112 gold pieces
  5005 | D:7      | Reached skill level 7 in Short Blades
  5062 | D:7      | Noticed a hippogriff
  5095 | D:7      | Killed a hippogriff
  5095 | D:7      | Reached skill level 8 in Short Blades
  5241 | D:7      | Found a blossoming altar of Fedhas.
  5257 | D:7      | Noticed an oklob plant
  5394 | D:7      | Reached XP level 9. HP: 27/39 MP: 9/13
  5419 | D:7      | Reached * piety under Dithmenos
  5599 | D:8      | Reached skill level 9 in Short Blades
  6114 | D:9      | Found Podonat's General Store.
  6117 | D:9      | Reached skill level 10 in Short Blades
  6220 | D:9      | HP: 1/39 [warg (7)]
  6229 | D:9      | Found Ocokuuro's Weapon Shop.
  6229 | D:9      | Mangled by a warg

Skill      XL: |  1  2  3  4  5  6  7  8  9 |
---------------+----------------------------+-----
Short Blades   | 1 2 3 4 5 8 10 | 10.1
Hexes          | 4 5 |  5.0
Stealth        | 4 6 |  6.9
Dodging        | |  1.5
Spellcasting   | |  2.1

Action                   |  1- 3 |  4- 6 |  7- 9 || total
-------------------------+-------+-------+-------++-------
Melee: Dagger            |   113 |    20 |    52 ||   185
       Bite              |    27 |    44 |    84 ||   155
       Rapier            |       |   164 |   245 ||   409
 Cast: Corona            |     5 |     4 |       ||     9
       Ensorcelled Hiber |       |     5 |    12 ||    17
       Confuse           |       |     6 |     4 ||    10
  Use: Scroll            |     1 |     5 |     4 ||    10
       Potion            |     1 |       |       ||     1
 Stab: Sleeping          |     8 |     4 |    18 ||    30
       Confused          |       |     1 |     1 ||     2
  Eat: Chunk             |     2 |     7 |     2 ||    11
       Bread ration      |       |       |     1 ||     1
       Meat ration       |       |       |     1 ||     1
       Beef jerky        |       |       |     1 ||     1
       Fruit             |       |       |     1 ||     1
Armor: Robe              |    18 |    38 |    51 ||   107
Dodge: Dodged            |    82 |    86 |   131 ||   299
